PCL
SANTA MONICA BRUINS @ LAS VEGAS STARS
05/01/2027
 
TOP OF THE 1ST
Santa Monica Bruins batting - Pitching for Las Vegas Stars : RHP Dema Mitenkov
Pitching: RHP Dema Mitenkov
Batting: RHB António López 0-0: Ball
1-0: Foul Ball, location: 2F
1-1: Ball
2-1: Foul Ball, location: 2F
2-2: Ground out 1-3 (Groundball, 13)
Batting: LHB Ray Bryant 0-0: Ball
1-0: Foul Ball, location: 2F
1-1: Ball
2-1: Ball
3-1: Ground out 6-3 (Groundball, 6M)
Batting: LHB Morgan Wright 0-0: Ball
1-0: Ball
2-0: Ball
3-0: Called Strike
3-1: Base on Balls
Batting: RHB Alfredo López 0-0: Ball
1-0: Ball
2-0: Called Strike
2-1: Ball
3-1: Base on Balls
Morgan Wright to second
Batting: SHB Ken Hernández 0-0: Ball
1-0: Called Strike
1-1: Fly out, F7 (Line Drive, 7D)
Top of the 1st over - 0 run(s), 0 hit(s), 0 error(s), 2 left on base; Santa Monica 0 - Las Vegas 0
BOTTOM OF THE 1ST
Las Vegas Stars batting - Pitching for Santa Monica Bruins : LHP John Lawson
Pitching: LHP John Lawson
Batting: LHB Fernando De La Cruz 0-0: Ball
1-0: Foul Ball, location: 2F
1-1: Ball
2-1: Foul Ball, location: 2F
2-2: Ball
3-2: Ground out 1-3 (Groundball, 13S)
Batting: RHB José Zúñiga 0-0: Ball
1-0: Ground out 5-3 (Groundball, 5S)
Batting: LHB Paco Rivera 0-0: SOLO HOME RUN (Flyball, 9D), Distance : 403 ft
Batting: RHB Reginaldo Jaconelli 0-0: Foul Ball, location: 2F
0-1: Foul Ball, location: 2F
0-2: Ground out 5-3 (Groundball, 56)
Bottom of the 1st over - 1 run(s), 1 hit(s), 0 error(s), 0 left on base; Santa Monica 0 - Las Vegas 1
TOP OF THE 2ND
Santa Monica Bruins batting - Pitching for Las Vegas Stars : RHP Dema Mitenkov
Batting: LHB Jeffrey Satterley 0-0: Ball
1-0: Ball
2-0: Ball
3-0: Called Strike
3-1: Foul Ball, location: 2F
3-2: Foul Ball, location: 2F
3-2: Ground out 4-3 (Groundball, 4)
Batting: RHB Luis Martínez 0-0: Called Strike
0-1: Ball
1-1: Ball
2-1: Ball
3-1: Base on Balls
Batting: SHB Chris Woods 0-0: SINGLE (Line Drive, 4D)
Luis Martínez to second
Batting: LHB Felipe Cruz 0-0: Called Strike
0-1: Ball
1-1: Foul Ball, location: 2F
1-2: Ball
2-2: Fly out, F8 (Flyball, 8RS)
Batting: RHB António López 0-0: Ball
1-0: Foul Ball, location: 2F
1-1: Ball
2-1: Foul Ball, location: 2F
2-2: Foul Ball, location: 2F
2-2: Ball
3-2: Ground out 6-3 (Groundball, 6M)
Top of the 2nd over - 0 run(s), 1 hit(s), 0 error(s), 2 left on base; Santa Monica 0 - Las Vegas 1
BOTTOM OF THE 2ND
Las Vegas Stars batting - Pitching for Santa Monica Bruins : LHP John Lawson
Batting: RHB Ron Shelton 0-0: Foul Ball, location: 2F
0-1: Foul Ball, location: 2F
0-2: Ground out 6-3 (Groundball, 6)
Batting: RHB Kyle Bacon 0-0: Swinging Strike
0-1: Ball
1-1: Ball
2-1: Foul Ball, location: 2F
2-2: SINGLE (Line Drive, 56)
Batting: SHB Héctor Barajas 0-0: DOUBLE (Line Drive, 7D)
Kyle Bacon to third
Batting: LHB William Wolf 0-0: Ball
1-0: Swinging Strike
1-1: Swinging Strike
1-2: Ball
2-2: Strikes out swinging
Batting: RHB Douglas Davis 0-0: Foul Ball, location: 2F
0-1: Ball
1-1: Ball
2-1: Fly out, F9 (Line Drive, 89M)
Bottom of the 2nd over - 0 run(s), 2 hit(s), 0 error(s), 2 left on base; Santa Monica 0 - Las Vegas 1
TOP OF THE 3RD
Santa Monica Bruins batting - Pitching for Las Vegas Stars : RHP Dema Mitenkov
Batting: LHB Ray Bryant 0-0: Ball
1-0: Ball
2-0: Ball
3-0: Foul Ball, location: 2F
3-1: Fly out, F7 (Flyball, 7LM)
Batting: LHB Morgan Wright 0-0: Ball
1-0: Ball
2-0: Ball
3-0: Swinging Strike
3-1: Base on Balls
Batting: RHB Alfredo López 0-0: DOUBLE (Line Drive, 89D)
Morgan Wright to third
Runner from 3rd tries for Home, SAFE, throw made home
Batting: SHB Ken Hernández 0-0: Called Strike
0-1: Swinging Strike
0-2: SINGLE (Groundball, 34D)
Alfredo López to third
Runner from 3rd tries for Home, SAFE, no throw
Batting: LHB Jeffrey Satterley 0-0: Ball
1-0: Ball
2-0: Ball
3-0: Called Strike
3-1: Fly out, F7 (Flyball, 7LS)
Batting: RHB Luis Martínez 0-0: Ball
1-0: Foul Ball, location: 2F
1-1: Ball
2-1: Called Strike
2-2: Foul Ball, location: 2F
2-2: Strikes out swinging
Top of the 3rd over - 2 run(s), 2 hit(s), 0 error(s), 1 left on base; Santa Monica 2 - Las Vegas 1
BOTTOM OF THE 3RD
Las Vegas Stars batting - Pitching for Santa Monica Bruins : LHP John Lawson
Batting: LHB Fernando De La Cruz 0-0: Ball
1-0: Ball
2-0: Foul Ball, location: 2F
2-1: Called Strike
2-2: Foul Ball, location: 2F
2-2: Ball
3-2: Foul Ball, location: 2F
3-2: Foul Ball, location: 2F
3-2: Fly out, F8 (Line Drive, 89M)
Batting: RHB José Zúñiga 0-0: Called Strike
0-1: Ball
1-1: Ball
2-1: Called Strike
2-2: Ball
3-2: Foul Ball, location: 2F
3-2: Fly out, F3 (Popup, 3)
Batting: LHB Paco Rivera 0-0: Ground out U3 (Groundball, 3)
Bottom of the 3rd over - 0 run(s), 0 hit(s), 0 error(s), 0 left on base; Santa Monica 2 - Las Vegas 1
TOP OF THE 4TH
Santa Monica Bruins batting - Pitching for Las Vegas Stars : RHP Dema Mitenkov
Batting: SHB Chris Woods 0-0: Foul Ball, location: 2F
0-1: Ball
1-1: Foul Ball, location: 2F
1-2: Foul Ball, location: 2F
1-2: Fly out, F6 (Popup, 6MD)
Batting: LHB Felipe Cruz 0-0: Ball
1-0: Ball
2-0: Called Strike
2-1: TRIPLE (Flyball, 8LXD)
Batting: RHB António López 0-0: Fly out, F8 (Flyball, 8RM)
Runner from 3rd tags up, SCORES, no throw
Batting: LHB Ray Bryant 0-0: Called Strike
0-1: Called Strike
0-2: Ball
1-2: SINGLE (Groundball, 4MS) (infield hit)
Batting: LHB Morgan Wright 0-0: Ball
1-0: Called Strike
1-1: Ball
2-1: Called Strike
2-2: Ball
3-2: DOUBLE (Line Drive, 9LM)
Ray Bryant to third
Ray Bryant scores
Batting: RHB Alfredo López 0-0: Swinging Strike
0-1: Ball
1-1: Ball
2-1: Foul Ball, location: 2F
2-2: Foul Ball, location: 2F
2-2: SINGLE (Groundball, 56D)
Morgan Wright to third
Runner from 3rd tries for Home, SAFE, throw made home
Pitching: LHP Ricardo Díaz
Batting: SHB Ken Hernández 0-0: Ball
1-0: Fielders Choice at 2nd, 4-6 (Groundball, 4)
Top of the 4th over - 3 run(s), 4 hit(s), 0 error(s), 0 left on base; Santa Monica 5 - Las Vegas 1
BOTTOM OF THE 4TH
Las Vegas Stars batting - Pitching for Santa Monica Bruins : LHP John Lawson
Batting: RHB Reginaldo Jaconelli 0-0: Foul Ball, location: 2F
0-1: Called Strike
0-2: Foul Ball, location: 2F
0-2: Ball
1-2: Ball
2-2: Ground out 6-3 (Groundball, 6M)
Batting: RHB Ron Shelton 0-0: Swinging Strike
0-1: Called Strike
0-2: Strikes out swinging
Batting: RHB Kyle Bacon 0-0: Ball
1-0: Called Strike
1-1: Swinging Strike
1-2: Ball
2-2: Foul Ball, location: 2F
2-2: DOUBLE (Flyball, 78XD)
Batting: SHB Héctor Barajas 0-0: Ground out 5-3 (Groundball, 25)
Bottom of the 4th over - 0 run(s), 1 hit(s), 0 error(s), 1 left on base; Santa Monica 5 - Las Vegas 1
TOP OF THE 5TH
Santa Monica Bruins batting - Pitching for Las Vegas Stars : LHP Ricardo Díaz
Batting: LHB Jeffrey Satterley 0-0: Foul Ball, location: 2F
0-1: Swinging Strike
0-2: Ball
1-2: Foul Ball, location: 2F
1-2: Strikes out looking
Batting: RHB Luis Martínez 0-0: Ground out 5-3 (Groundball, 56)
Batting: SHB Chris Woods 0-0: Swinging Strike
0-1: Ball
1-1: SINGLE (Groundball, 6MD)
Batting: LHB Felipe Cruz 0-0: Called Strike
0-1: Foul Ball, location: 2F
0-2: Ball
1-2: Foul Ball, location: 2F
1-2: Ball
2-2: Ball
3-2: Base on Balls
Chris Woods to second
Batting: RHB António López 0-0: Foul Ball, location: 2F
0-1: Foul Ball, location: 2F
0-2: Ball
1-2: SINGLE (Flyball, 89S)
Chris Woods to third
Felipe Cruz to second
Runner from 3rd tries for Home, SAFE, no throw
Batting: LHB Ray Bryant 0-0: Ball
1-0: Swinging Strike
1-1: Foul Ball, location: 2F
1-2: Strikes out swinging
Top of the 5th over - 1 run(s), 2 hit(s), 0 error(s), 2 left on base; Santa Monica 6 - Las Vegas 1
BOTTOM OF THE 5TH
Las Vegas Stars batting - Pitching for Santa Monica Bruins : LHP John Lawson
Batting: LHB William Wolf 0-0: Ball
1-0: Foul Ball, location: 2F
1-1: Ball
2-1: Fly out, F7 (Flyball, 7LS)
Batting: RHB Douglas Davis 0-0: Fly out, F9 (Flyball, 89M)
Batting: LHB Fernando De La Cruz 0-0: Ground out U3 (Groundball, 3)
Bottom of the 5th over - 0 run(s), 0 hit(s), 0 error(s), 0 left on base; Santa Monica 6 - Las Vegas 1
TOP OF THE 6TH
Santa Monica Bruins batting - Pitching for Las Vegas Stars : LHP Ricardo Díaz
Batting: LHB Morgan Wright 0-0: SINGLE (Groundball, 4M) (infield hit)
Batting: RHB Alfredo López 0-0: Swinging Strike
0-1: Swinging Strike
0-2: Ball
1-2: Ball
2-2: Foul Ball, location: 2F
2-2: Ball
3-2: Foul Ball, location: 2F
3-2: Strikes out swinging
Batting: SHB Ken Hernández 0-0: Called Strike
0-1: Called Strike
0-2: Ball
1-2: Ball
2-2: Foul Ball, location: 2F
2-2: Ball
3-2: Strikes out looking
Pitching: LHP Craig Bowling
Batting: LHB Jeffrey Satterley 0-0: Called Strike
0-1: Ball
1-1: Ball
2-1: Called Strike
2-2: Strikes out swinging
Top of the 6th over - 0 run(s), 1 hit(s), 0 error(s), 1 left on base; Santa Monica 6 - Las Vegas 1
BOTTOM OF THE 6TH
Las Vegas Stars batting - Pitching for Santa Monica Bruins : LHP John Lawson
Batting: RHB José Zúñiga 0-0: Foul Ball, location: 2F
0-1: Ground out 3-1 (Groundball, 34)
Batting: LHB Paco Rivera 0-0: Called Strike
0-1: Ball
1-1: Swinging Strike
1-2: Ball
2-2: Ball
3-2: Foul Ball, location: 2F
3-2: Strikes out looking
Batting: RHB Reginaldo Jaconelli 0-0: Ball
1-0: Ball
2-0: Foul Ball, location: 2F
2-1: Foul Ball, location: 2F
2-2: Foul Ball, location: 2F
2-2: SINGLE (Flyball, 9LS)
Batting: RHB Ron Shelton 0-0: Ground out 1-3 (Groundball, 13S)
Bottom of the 6th over - 0 run(s), 1 hit(s), 0 error(s), 1 left on base; Santa Monica 6 - Las Vegas 1
TOP OF THE 7TH
Santa Monica Bruins batting - Pitching for Las Vegas Stars : LHP Craig Bowling
Batting: RHB Luis Martínez 0-0: Called Strike
0-1: Ball
1-1: Ball
2-1: Swinging Strike
2-2: Strikes out swinging
Batting: SHB Chris Woods 0-0: Swinging Strike
0-1: Swinging Strike
0-2: Foul Ball, location: 2F
0-2: Ball
1-2: Strikes out swinging
Batting: LHB Felipe Cruz 0-0: Called Strike
0-1: Swinging Strike
0-2: Ball
1-2: Ball
2-2: Ball
3-2: Base on Balls
Batting: RHB António López 0-0: Ball
1-0: Called Strike
1-1: Foul Ball, location: 2F
1-2: Strikes out swinging
Top of the 7th over - 0 run(s), 0 hit(s), 0 error(s), 1 left on base; Santa Monica 6 - Las Vegas 1
BOTTOM OF THE 7TH
Las Vegas Stars batting - Pitching for Santa Monica Bruins : LHP John Lawson
Pitching: RHP Warren Johnson
Now at 1B: Noriaki Sangi
Batting: RHB Kyle Bacon 0-0: Foul Ball, location: 2F
0-1: Swinging Strike
0-2: Ball
1-2: Strikes out looking
Batting: SHB Héctor Barajas 0-0: Ball
1-0: Ball
2-0: Ball
3-0: Base on Balls
Batting: LHB William Wolf 0-0: Ball
1-0: Ball
2-0: Called Strike
2-1: Fly out, F8 (Flyball, 8LS)
Batting: RHB Douglas Davis 0-0: Ball
1-0: Ball
2-0: Called Strike
2-1: 2-RUN HOME RUN (Flyball, 7D), Distance : 410 ft
Pitching: RHP Doug Singleton
Batting: LHB Fernando De La Cruz 0-0: Foul Ball, location: 2F
0-1: Called Strike
0-2: Ball
1-2: Strikes out swinging
Bottom of the 7th over - 2 run(s), 1 hit(s), 0 error(s), 0 left on base; Santa Monica 6 - Las Vegas 3
TOP OF THE 8TH
Santa Monica Bruins batting - Pitching for Las Vegas Stars : LHP Craig Bowling
Batting: LHB Ray Bryant 0-0: Foul Ball, location: 2F
0-1: Ball
1-1: Foul Ball, location: 2F
1-2: SOLO HOME RUN (Flyball, 9LD), Distance : 402 ft
Batting: LHB Morgan Wright 0-0: Called Strike
0-1: Ball
1-1: Foul Ball, location: 2F
1-2: Strikes out swinging
Batting: RHB Alfredo López 0-0: Ball
1-0: Called Strike
1-1: Called Strike
1-2: Strikes out swinging
Batting: SHB Ken Hernández 0-0: Called Strike
0-1: Ball
1-1: Fly out, F9 (Flyball, 9LM)
Top of the 8th over - 1 run(s), 1 hit(s), 0 error(s), 0 left on base; Santa Monica 7 - Las Vegas 3
BOTTOM OF THE 8TH
Las Vegas Stars batting - Pitching for Santa Monica Bruins : RHP Doug Singleton
Batting: RHB José Zúñiga 0-0: Ball
1-0: Foul Ball, location: 2F
1-1: SINGLE (Groundball, 34D)
Batting: LHB Paco Rivera 0-0: Ball
1-0: SINGLE (Flyball, 7S)
José Zúñiga to second
Batting: RHB Reginaldo Jaconelli 0-0: Ball
1-0: Called Strike
1-1: Ball
2-1: Ball
3-1: Foul Ball, location: 2F
3-2: Foul Ball, location: 2F
3-2: Foul Ball, location: 2F
3-2: Grounds into double play, 6-4-3 (Groundball, 56)
José Zúñiga to third
Batting: RHB Ron Shelton 0-0: Foul Ball, location: 2F
0-1: Ball
1-1: Ball
2-1: Foul Ball, location: 2F
2-2: Ball
3-2: Foul Ball, location: 2F
3-2: Foul Ball, location: 2F
3-2: Foul Ball, location: 2F
3-2: Strikes out swinging
Bottom of the 8th over - 0 run(s), 2 hit(s), 0 error(s), 1 left on base; Santa Monica 7 - Las Vegas 3
TOP OF THE 9TH
Santa Monica Bruins batting - Pitching for Las Vegas Stars : LHP Craig Bowling
Batting: LHB Jeffrey Satterley 0-0: Called Strike
0-1: Ball
1-1: Foul Ball, location: 2F
1-2: Ball
2-2: Foul Ball, location: 2F
2-2: Foul Ball, location: 2F
2-2: Ball
3-2: Foul Ball, location: 2F
3-2: SINGLE (Groundball, 6M) (infield hit)
Batting: LHB Noriaki Sangi 0-0: Sac Bunt - play at first, batter OUT! 5-3
Jeffrey Satterley to second
Batting: SHB Chris Woods 0-0: DOUBLE (Line Drive, 7LS)
Jeffrey Satterley scores
Pitching: RHP Júlio Martínez
Batting: LHB Felipe Cruz 0-0: Swinging Strike
0-1: Ground out U3 (Groundball, 3)
Chris Woods to third
Batting: RHB António López 0-0: Foul Ball, location: 2F
0-1: Ball
1-1: Ground out 6-3 (Groundball, 6)
Top of the 9th over - 1 run(s), 2 hit(s), 0 error(s), 1 left on base; Santa Monica 8 - Las Vegas 3
BOTTOM OF THE 9TH
Las Vegas Stars batting - Pitching for Santa Monica Bruins : RHP Doug Singleton
Pitching: RHP Dave Riley
Now at 3B: Rubén Díaz
Now in LF: Francisco Castillo
Batting: RHB Kyle Bacon 0-0: Ball
1-0: Called Strike
1-1: Ball
2-1: Ball
3-1: Foul Ball, location: 2F
3-2: Base on Balls
Batting: SHB Héctor Barajas 0-0: Foul Ball, location: 2F
0-1: Ball
1-1: Ball
2-1: Called Strike
2-2: Strikes out swinging
Batting: LHB William Wolf 0-0: Foul Ball, location: 2F
0-1: Foul Ball, location: 2F
0-2: Strikes out swinging
Batting: RHB Douglas Davis 0-0: Ball
1-0: SINGLE (Groundball, 56D)
Kyle Bacon to second
Batting: LHB Fernando De La Cruz 0-0: Fly out, F7 (Flyball, 7S)
Bottom of the 9th over - 0 run(s), 1 hit(s), 0 error(s), 2 left on base; Santa Monica 8 - Las Vegas 3
Thursday, March 30th, 2017 - OOTP Baseball 17.12 Build 75